 Dungeon Crawl Stone Soup version 0.29.1-15-g9cfb28693d (webtiles) character file.

Game seed: 2218944606587304984

657 101zpm the Magician (level 7, -12/45 HPs)
             Began as a Djinni Fire Elementalist on Mar 16, 2023.
             Was a Believer of Makhleb.
             Mangled by Edmund
             ... wielding a +3 flail of protection
              (14 damage)
             ... on level 4 of the Dungeon.
             The game lasted 00:16:10 (7447 turns).

101zpm the Magician (Djinni Fire Elementalist)      Turns: 7447, Time: 00:16:11

Health: -12/45     AC:  2    Str:  7    XL:     7   Next: 85%
Gold:   237        EV: 12    Int: 18    God:    Makhleb [**....] SH:  0 Dex: 14

rFire   + . .      SeeInvis .   f - staff of poison
rCold   . . .      Faith    .   (no shield)
rNeg    + . .      Spirit   .   a - +0 robe
rPois   ∞          Reflect  .   (no helmet)
rElec   .          Harm     .   (no cloak)
rCorr   .          Rampage  .   (no gloves)
Will    .....                   (boots unavailable)
Stlth   ++........              (no amulet)
HPRegen 0.15/turn               j - ring of positive energy
MPRegen 0.00/turn               p - ring of ice

@: flying
A: sickness immunity, fire resistance 2, cold vulnerability 1, float, innate
caster, HP casting, extra vitality 1
a: Renounce Religion, Minor Destruction


You were on level 4 of the Dungeon.
You worshipped Makhleb.
Makhleb was pleased with you.
You visited 1 branch of the dungeon, and saw 5 of its levels.

You collected 237 gold pieces.

Inventory:

Missiles
 o - 2 throwing nets
Armour
 a - a +0 robe (worn)
Magical Staves
 f - a staff of poison (weapon)
Jewellery
 j - a ring of positive energy (left hand)
 p - a ring of ice (right hand)
Scrolls
 b - 2 scrolls of identify {unknown}
 d - 2 scrolls of enchant weapon
 h - 2 scrolls of fog {unknown}
 i - 2 scrolls of teleportation {unknown}
 n - a scroll of enchant armour {unknown}
 q - a scroll of torment {unknown}
 r - 2 scrolls of blinking
Potions
 c - 2 potions of lignification {unknown}
 e - 3 potions of curing {unknown}
 g - a potion of might {unknown}
 k - 2 potions of attraction {unknown}
 l - 2 potions of flight {unknown}
 m - 2 potions of brilliance {unknown}


   Skills:
 + Level 2.3 Dodging
 + Level 2.6 Stealth
 + Level 6.3 Spellcasting


You couldn't memorise any spells.
You knew the following spells:

 Your Spells              Type           Power      Damage    Failure   Level
a - Foxfire               Conj/Fire      100%       2x1d9     1%          1
b - Scorch                Fire           56%        2d7       1%          2
c - Conjure Flame         Conj/Fire      28%        6-21      2%          3
d - Inner Flame           Hex/Fire       28%        N/A       2%          3
e - Flame Wave            Conj/Fire      28%        2d9       9%          4
f - Apportation           Tloc           56%        N/A       1%          1
g - Passwall              Tmut/Erth      23%        N/A       1%          2
h - Spider Form           Tmut/Pois      42%        N/A       2%          3
Your spell library was empty.

Dungeon Overview and Level Annotations

Branches:
Dungeon (5/15)
 Temple: D:4-7

Altars:
Gozag
Makhleb

Shops:
D:2 [   D:3 (

Annotations:
D:4 Edmund
D:5 Prince Ribbit


Innate Abilities, Weirdness & Mutations

You are immune to sickness and miasma.
You are immune to poison.
Your flesh is very heat resistant. (rF++)
You are vulnerable to cold. (rC-)
You float through the air rather than walking.
You learn spells naturally, not from books.
Your magical power is your life essence.
You have superior vitality. (+4 MHP)


Message History

Edmund is engulfed in blazing flames.
Flame seeps out of Edmund.
Casting: Foxfire (safe; 4% risk of failure)
Press: ? - help, Q - select action, (/) - cycle Dir - look around, f - activate You conjure some foxfire!
* * * LOW HITPOINT WARNING * * *
Edmund completely misses you.
The foxfire hits Edmund.
Flame seeps out of Edmund.
Edmund is heavily wounded.
The foxfire hits Edmund.
Flame seeps out of Edmund.
Edmund is severely wounded.
Edmund is engulfed in blazing flames.
Flame seeps out of Edmund.
Casting: Foxfire (safe; 4% risk of failure)
Press: ? - help, Q - select action, (/) - cycle Dir - look around, f - activate You conjure some foxfire!
* * * LOW HITPOINT WARNING * * *
Edmund barely misses you.
The foxfire hits Edmund but does no damage.
Edmund is severely wounded.
The foxfire hits Edmund but does no damage.
Edmund is severely wounded.
Casting: Foxfire (safe; 4% risk of failure)
Press: ? - help, Q - select action, (/) - cycle Dir - look around, f - activate You conjure some foxfire!
* * * LOW HITPOINT WARNING * * *
Edmund hits you with a +3 flail of protection!
* * * LOW HITPOINT WARNING * * *
Edmund attacks as you move away! Edmund barely misses you.
The foxfire hits Edmund but does no damage.
Edmund is severely wounded.
The foxfire hits Edmund but does no damage.
Edmund is severely wounded.
Your transformation has ended.
Your staff of poison unmelds from your body.
Your +0 robe unmelds from your body.
Casting: Foxfire (safe; 1% risk of failure)
Press: ? - help, Q - select action, (/) - cycle Dir - look around, f - activate You conjure some foxfire!
* * * LOW HITPOINT WARNING * * *
Edmund hits you with a +3 flail of protection!
You die...

#....# #...# #..## #....#
#...## ##..# #....# #....#
#..# #....# ##....# #####..
#....# #.....# #......
##....# #.....# #......
#.....# #.....# #......
#.....# #....v# #......
#.....# #...@v###### ##.....
#.....# #...@......### #.....
#.....###............####....
#.....##.....................
##....##.....>........#######
#.....#.........<....#
##...................#
##....##............# ####
##..####............# ##...


You could see Edmund (inner flame, ally target).

Vanquished Creatures
  Menkaure (D:4)
  A phantom (D:5)
  A scorpion (D:4)
  A hound (D:5)
  A jelly (D:4)
  2 orc priests (D:5)
  Jessica (D:2)
  3 iguanas
  2 orc wizards
  Robin (D:2)
  3 adders (D:2)
  3 worms
  A dart slug (D:1)
  9 orcs
  5 endoplasms
  13 goblins
  4 hobgoblins
  10 jackals
  3 quokkas
  8 ball pythons
  8 bats
  2 frilled lizards
  6 kobolds
  4 rats
93 creatures vanquished.

Vanquished Creatures (others)
  293 foxfires
  4 plants (D:4)
297 creatures vanquished.

Grand Total: 390 creatures vanquished

Notes
Turn   | Place    | Note
-------+----------+-------------------------------------------
     0 | D:1      | 101zpm the Djinni Fire Elementalist began the quest for the
                  | Orb.
     0 | D:1      | 101zpm set off with the following spells memorised:
                  | Foxfire, Scorch, Conjure Flame, Inner Flame, Flame Wave.
     0 | D:1      | Reached XP level 1. HP: 15/15 MP: 0/0
   914 | D:1      | Reached XP level 2. HP: 17/21 MP: 0/0
   990 | D:1      | Found a faded altar of an unknown god.
  1555 | D:1      | Prayed at the altar of an unknown god.
  1555 | D:1      | Became a worshipper of Makhleb the Destroyer
  1555 | D:1      | Reached * piety under Makhleb
  1574 | D:2      | Found Guepnosk's Armour Boutique.
  1670 | D:2      | Reached skill level 3 in Spellcasting
  1671 | D:2      | Reached XP level 3. HP: 17/25 MP: 0/0
  1671 | D:2      | Learned a level 1 spell: Apportation
  2168 | D:2      | Noticed Robin
  2175 | D:2      | Killed Robin
  2176 | D:2      | Reached XP level 4. HP: 22/31 MP: 0/0
  3053 | D:2      | Reached ** piety under Makhleb
  3180 | D:2      | Noticed Jessica
  3220 | D:2      | Killed Jessica
  3221 | D:2      | Reached skill level 4 in Spellcasting
  3221 | D:2      | Reached XP level 5. HP: 7/35 MP: 0/0
  3221 | D:2      | Learned a level 2 spell: Passwall
  4254 | D:4      | Reached XP level 6. HP: 36/40 MP: 0/0
  4290 | D:4      | Found an opulent altar of Gozag.
  5052 | D:4      | Reached skill level 5 in Spellcasting
  5060 | D:4      | Noticed Menkaure
  5067 | D:4      | Killed Menkaure
  5068 | D:4      | Reached XP level 7. HP: 18/45 MP: 0/0
  5068 | D:4      | Learned a level 3 spell: Spider Form
  5975 | D:3      | Found Waiky's Weapon Shoppe.
  6085 | D:3      | Identified the -1 helmet of Ebruapiu {rC+ Will- Dex+2}
  6341 | D:5      | Entered Level 5 of the Dungeon
  6527 | D:5      | Noticed Prince Ribbit
  6835 | D:5      | Reached skill level 6 in Spellcasting
  6911 | D:5      | Noticed Edmund
  7447 | D:4      | Mangled by Edmund

Illustrated notes

Levels and vault maps discovered:
D:1:      giann_bridges, layout_loops_corners, ebering_ecumenical_altar_rust,
          minivault_24
D:2:      layout_basic, serial_shops, shop, uniq_jessica, uniq_robin
D:3:      layout_basic, serial_shops, nicolae_shop_advertising_works
          [nicolae_subvault_shop_adworks]
D:4:      cheibrodos_old_hovel, layout_cave_pods,
          nicolae_gozag_cash_rules_everything_around_me, uniq_menkaure
D:5:      layout_cave_pools, uniq_edmund, uniq_prince_ribbit1

Skill      XL: |  1  2  3  4  5  6  7 |
---------------+----------------------+-----
Spellcasting   | 3 4 5 6 |  6.3
Stealth        | 2 |  2.6
Dodging        | |  2.3

Action                   |  1- 3 |  4- 6 |  7- 9 || total
-------------------------+-------+-------+-------++-------
Melee: Unarmed           |     6 |       |       ||     6
 Cast: Foxfire           |    48 |    74 |    56 ||   178
       Scorch            |    13 |    20 |    15 ||    48
       Inner Flame       |     4 |    30 |    26 ||    60
       Spider Form       |       |       |     9 ||     9
       Apportation       |       |       |     1 ||     1
  Use: Scroll            |       |       |     2 ||     2
Armor: Robe              |     4 |       |       ||     4
Dodge: Dodged            |    11 |     1 |     9 ||    21
